 Dungeon Crawl Stone Soup version 0.32-a0-128-g77eb882913 (webtiles) character file.

Game seed: 4806980080767455955

43 zeratav the Trooper (level 3, 0/26 HPs)
             Began as an Octopode Shapeshifter on Feb 8, 2024.
             Constricted to death by Ijyb (5 damage)
             ... on level 3 of the Dungeon.
             The game lasted 00:02:14 (1859 turns).

zeratav the Trooper (Octopode Shapeshifter)         Turns: 1859, Time: 00:02:14

Health: 0/26       AC:  1    Str: 15    XL:     3   Next: 58%
Magic:  0/3        EV: 10    Int: 12    God:
Gold:   65         SH:  0    Dex: 11    Spells: 2/2 levels left

rFire   . .          .
                       - Unarmed
rCold   . . .        (no shield)
rNeg    . . .        (helmet currently unavailable)
rPois   .            i - amulet of guardian spirit
rElec   .            (no ring)
rCorr   .            (no ring)
SInv    .            (no ring)
Will    .....        (no ring)
Stlth   ++           (no ring)
HPRegen 0.24/turn    (no ring)
MPRegen 0.08/turn    (no ring)
                     (no ring)

%: guardian spirit
@: beast-form, grasped by roots, constricted
A: beast (slay +1), almost no armour, amphibious, 8 rings, camouflage 1,
gelatinous body 1, (nimble swimmer 1), tentacles
a: Begin Untransformation


You were on level 3 of the Dungeon.
You were a hulking beast.
You visited 1 branch of the dungeon, and saw 3 of its levels.

You collected 134 gold pieces.
You spent 69 gold pieces at shops.


Innate Abilities, Weirdness & Mutations

You are a hulking beast.
Your limbs bulge with bestial killing power. (Slay +1)
You cannot wear most types of armour.
You are amphibious.
You can wear up to eight rings at the same time.
Your skin changes colour to match your surroundings (Stealth+).
Your rubbery body absorbs attacks. (AC +1, EV +1)
((You are camouflaged when in or above water. (Stealth+)))
You have tentacles for arms and can constrict up to eight enemies at once.


   Skills:
 + Level 3.3 Fighting
 - Level 2.0 Dodging
 - Level 3.0 Unarmed Combat
 - Level 3.0 Shapeshifting


You had 2 spell levels left.
You didn't know any spells.
Your spell library was empty.

Inventory:

Jewellery
 i - an amulet of guardian spirit (around mantle)
   (You found it on level 2 of the Dungeon)
Talismans
 b - a beast talisman
 c - a flux talisman
 d - the blade talisman of Tulips {rF+ rC- Int+7 SInv}
   (You found it on level 2 of the Dungeon)

   [blade talisman]

   Int+7:     It affects your intelligence (+7).
   rF+:       It protects you from fire.
   rC-:       It makes you vulnerable to cold.
   SInv:      It lets you see invisible.
Scrolls
 g - 2 scrolls of torment {!r}
 h - a scroll of teleportation {unknown}
 j - a scroll of blinking {unknown}
 k - 2 scrolls of enchant weapon {unknown}
 l - a scroll of brand weapon {unknown}
Potions
 a - a potion of lignification {!q}
 e - a potion of curing {@q1}
 f - 2 potions of attraction {!q}

Dungeon Overview and Level Annotations

Branches:
Dungeon (3/15) Zot: 16142

Altars:
Makhleb
Vehumet
Wu Jian
Xom

Shops:
D:1 *

Annotations:
D:3 Ijyb, Sigmund

.............##.###.....####.
.ß.ß...........#...._.......
#####......#.# #.#._ß_..####
...........#.# #.#.....##
########.....# #.#.....#
#.....####.###.#.##### ##
#........#............
.#######
#...g....#######.#####
.#.....#
###..h...+...........#
.......# #..)...#######.###..
#......# #......# #.# #
##.....#### #......# ##.#
#.....'..####......# #..#
#.....##.........#.# #.##
#.....######.....#.# #.#
#......†####.....#.# #.#
#..................# ##.#


You could see Ijyb.


Message History

Found a faded altar of an unknown god.
No target in view!
You open the door.
Found a stone staircase leading up.
Sigmund the Dreaded comes into view.
He is wielding a +0 scythe.
You start putting on your amulet.
You continue putting on your amulet of guardian spirit. x5
You finish putting on your amulet of guardian spirit.
You feel your power drawn to a protective spirit.
i - an amulet of guardian spirit (around mantle) 2 goblins come into view.
The goblin shouts! x2; You hear a shout!
A goblin comes into view. It is wielding a +0 club. x2
The goblin shouts!
You hear a shout!
The goblin hits you with a +0 club.
HP[-1]
You take 1 damage, and now have 25/26 hp.
You tentacle-slap the goblin.
You kill the goblin!
HP[+1]
Your hp is fully restored (26).
You tentacle-slap the goblin. Your grab misses the goblin.
The goblin hits you with a +0 dagger.
HP[-2]
You take 2 damage, and now have 24/26 hp.
You tentacle-slap the goblin.
You kill the goblin!
You bludgeon the goblin!
You kill the goblin!
You tentacle-slap the goblin.
You kill the goblin!
HP[+1] No target in view!
No target in view!
No target in view!
No target in view!
No target in view!
No target in view!
No target in view!
No target in view!
No target in view!
No target in view!
No target in view!
No target in view!
No target in view!
No target in view!
No target in view!
No target in view!
Ijyb the Inquisitive comes into view.
She is wielding a +0 dagger and carrying a wand of roots.
Items here: ))) †.
HP[+1]
Your hp is fully restored (26).
Ijyb zaps a wand.
The roots erupt in riotous growth!
The grasping roots grab you! The grasping roots constrict you.
You hear a shout! x3
HP[-6]
You take 6 damage, and now have 20/26 hp.
MASSIVE DAMAGE!! (PAUSE)
The grasping roots constrict you.
HP[-3]
You take 3 damage, and now have 17/26 hp.
You closely miss Ijyb. Your grab misses Ijyb. Ijyb barely misses you.
The grasping roots constrict you.
HP[-3]
You take 3 damage, and now have 14/26 hp.
You completely miss Ijyb. You grab Ijyb. You squeeze Ijyb. You constrict Ijyb.
Ijyb hits you with a +0 dagger.
* * * LOW HITPOINT WARNING * * *
The grasping roots constrict you.
* * * LOW HITPOINT WARNING * * *
The grasping roots release their grip on you.
You are too injured to fight recklessly!
You are too injured to fight recklessly!
You are too injured to fight recklessly!
HP[-7] MP[-1]
You take 7 damage, and now have 7/26 hp.
MASSIVE DAMAGE!! (PAUSE)
You lost 1 mp, and now have 2/3 mp.
You are too injured to fight recklessly!
You are too injured to fight recklessly!
You are too injured to fight recklessly!
You are too injured to fight recklessly!
You are too injured to fight recklessly!
You are too injured to fight recklessly!
You are too injured to fight recklessly!
You bludgeon Ijyb! You constrict Ijyb, but do no damage.
Ijyb hits you with a +0 dagger.
* * * LOW HITPOINT WARNING * * *
HP[-3] MP[-1]
You take 3 damage, and now have 4/26 hp.
You lost 1 mp, and now have 1/3 mp.
You barely miss Ijyb. You squeeze Ijyb. You constrict Ijyb.
Ijyb zaps a wand.
The roots erupt in riotous growth!
The grasping roots grab you!
Ijyb is unaffected.
The grasping roots constrict you.
You die...
Ijyb screams, "Good help so hard to find!"

Skill      XL: |  1  2  3 |
---------------+----------+-----
Fighting       | 2 3 |  3.3
Dodging        | |  2.0
Unarmed Combat | |  3.0
Shapeshifting  | |  3.0

Action                     || total
---------------------------++-------
  Melee: Unarmed           ||    40
         Tentacles         ||    14
         Constrict         ||     8
         Punch             ||     1
    Use: Scroll            ||     3
   Stab: Sleeping          ||     8
 Armour: Skin              ||    10
  Dodge: Dodged            ||     9

Levels and vault maps discovered:
D:1:      tarquinn_simple_flora_water_e, layout_basic, serial_shops,
          nicolae_shop_drivethru
D:2:      layout_rooms, basic_altar
D:3:      kennysheep_the_goblin_king, layout_basic,
          chequers_temple_overflow_statue_of_worship,
          ebering_ecumenical_altar_petrified, kennysheep_flooded_box,
          uniq_sigmund

Notes
Turn   | Place    | Note
-------+----------+-------------------------------------------
     0 | D:1      | zeratav the Octopode Shapeshifter began the quest for the
                  | Orb.
     0 | D:1      | Reached XP level 1. HP: 13/13 MP: 1/1
     0 | D:1      | magus.rc [v1.9.6]
   106 | D:1      | Reached skill level 2 in Fighting
   106 | D:1      | Reached XP level 2. HP: 19/19 MP: 2/2
   547 | D:1      | Found a transporter.
   547 | D:1      | Found Viker's Assorted Antiques.
   608 | D:1      | Found a transporter.
  1200 | D:1      | Bought 3 scrolls labelled NOLUVV SYON for 69 gold pieces
  1281 | D:2      | Identified the blade talisman of Tulips {rF+ rC- Int+7
                  | SInv}
  1368 | D:2      | Found a shimmering altar of Xom.
  1386 | D:2      | Reached XP level 3. HP: 25/25 MP: 3/3
  1655 | D:3      | Reached skill level 3 in Fighting
  1693 | D:3      | Found an ornate altar of the Wu Jian Council.
  1693 | D:3      | Found a radiant altar of Vehumet.
  1695 | D:3      | Found a burning altar of Makhleb.
  1764 | D:3      | Found a faded altar of an unknown god.
  1814 | D:3      | Noticed Sigmund
  1848 | D:3      | Noticed Ijyb
  1858 | D:3      | HP: 4/26 [Ijyb/+0 dagger (3)]
  1859 | D:3      | Constricted to death by Ijyb

Vanquished Creatures
  An adder (D:3)
  4 ball pythons
  2 bats (D:1)
  An endoplasm (D:1)
  A giant cockroach (D:1)
  7 goblins
  3 hobgoblins
  3 kobolds
  2 quokkas
  3 frilled lizards (D:1)
  A rat (D:2)
28 creatures vanquished.

Table legend:
 A = Non-vault XP
 B = Vault XP
 C = Vault XP percentage of total XP
 D = Non-vault monster count
 E = Vault monster count
 F = Vault count percentage of total count
                 A         B        C        D         E       F
            +---------+---------+-------+---------+---------+-------
      Total |      54 |       8 |  12.9 |      24 |       4 |  14.3
            +---------+---------+-------+---------+---------+-------
        D:1 |      30 |       0 |   0.0 |      17 |       0 |   0.0
        D:2 |       5 |       0 |   0.0 |       3 |       0 |   0.0
        D:3 |      19 |       8 |  29.6 |       4 |       4 |  50.0
            +---------+---------+-------+---------+---------+-------

Skill      XL: |  1  2  3 |
---------------+----------+-----
Fighting       | 2 3 |  3.3
Dodging        | |  2.0
Unarmed Combat | |  3.0
Shapeshifting  | |  3.0

Action                     || total
---------------------------++-------
  Melee: Unarmed           ||    40
         Tentacles         ||    14
         Constrict         ||     8
         Punch             ||     1
    Use: Scroll            ||     3
   Stab: Sleeping          ||     8
 Armour: Skin              ||    10
  Dodge: Dodged            ||     9

Illustrated notes

Table legend:
 A = Kills in this place as a percentage of kills in the entire game.
 B = Kills by you in this place as a percentage of kills by you in the entire game.
 C = Kills by friends in this place as a percentage of kills by friends in the entire game.
 D = Other kills in this place as a percentage of other kills in the entire game.
 E = Experience gained in this place as a percentage of experience gained in the entire game.
 F = Experience gained in this place divided by the number of levels of this place that you have seen.
                   A       B       C       D       E      F
               +-------+-------+-------+-------+-------+----------------------
         Total | 100.0 | 100.0 |   N/A |   N/A | 100.0 |  20.7
       Dungeon | 100.0 | 100.0 |   N/A |   N/A | 100.0 |  20.7
               +-------+-------+-------+-------+-------+----------------------

Table legend: (Time is in decaauts)
 A = Elapsed time spent in this place.
 B = Non-inter-level travel time spent in this place.
 C = Inter-level travel time spent in this place.
 D = Time resting spent in this place.
 E = Time spent auto-exploring this place.
 F = Levels seen in this place.
 G = Mean time per level.
                   A        B        C        D        E       F      G
               +--------+--------+--------+--------+--------+-----+--------+
         Total |   1856 |   1754 |    102 |      0 |   1573 |   3 |  618.7 |
       Dungeon |   1856 |   1754 |    102 |      0 |   1573 |   3 |  618.7 |
               +--------+--------+--------+--------+--------+-----+--------+

Top non-repeatable levels by time:
     D:1: 1246 daAuts
     D:2: 360 daAuts
     D:3: 248 daAuts
